 Dungeon Crawl Stone Soup version 0.29.1-15-g9cfb28693d (webtiles) character file.

Game seed: 14161371354882909558

14 safid the Chiller (level 2, -1/21 HPs)
             Began as a Merfolk Ice Elementalist on Mar 16, 2023.
             Slain by a jackal (3 damage)
             ... on level 1 of the Dungeon.
             The game lasted 00:01:27 (464 turns).

safid the Chiller (Merfolk Ice Elementalist)         Turns: 464, Time: 00:01:27

Health: -1/21      AC:  2    Str:  8    XL:     2   Next: 41%
Magic:  0/5        EV: 12    Int: 14    God:
Gold:   30         SH:  0    Dex: 14    Spells: 4/5 levels left

rFire   . . .      SeeInvis .   c - +0 dagger
rCold   . . .      Faith    .   (no shield)
rNeg    . . .      Spirit   .   a - +0 robe
rPois   .          Reflect  .   (no helmet)
rElec   .          Harm     .   (no cloak)
rCorr   .          Rampage  .   (no gloves)
Will    .....                   (no boots)
Stlth   ++........              (no amulet)
HPRegen 0.07/turn               (no ring)
MPRegen 0.09/turn               (no ring)

@: no status effects
A: (nimble swimmer 2), mertail
a: no special abilities


You were on level 1 of the Dungeon.
You visited 1 branch of the dungeon, and saw 1 of its levels.

You collected 30 gold pieces.

Inventory:

Hand Weapons
 c - a +0 dagger (weapon)
Armour
 a - a +0 robe (worn)
Potions
 b - a potion of magic
 d - a potion of degeneration {unknown}


   Skills:
 + Level 1.0 Fighting
 - Level 2.6 Dodging
 - Level 2.1 Stealth
 + Level 2.3 Spellcasting
 + Level 4.6 Ice Magic


You had 4 spell levels left.
You knew the following spells:

 Your Spells              Type           Power      Damage    Failure   Level
a - Freeze                Ice            56%        1d7       3%          1

Your spell library contained the following spells:

 Spells                   Type           Power      Damage    Failure   Level
 Frozen Ramparts          Ice            28%        1d5       11%         3
 Ozocubu's Armour         Ice            14%        N/A       11%         3
 Hailstorm                Conj/Ice       8%         3d4       65%         4


Dungeon Overview and Level Annotations

Branches:
Dungeon (1/15)

Altars:


Innate Abilities, Weirdness & Mutations

((You are very nimble when in or above water. (Stealth+, EV+, Speed+++)))
Your lower body shifts to a powerful aquatic tail in water.


Message History

Confirm with . or Enter, or press ? or * to list all spells.
Aiming: Freeze (safe; 3% risk of failure)
Press: ? - help, Shift-Dir - straight line, f/p - jackal
Aim: a jackal (severely wounded)
You freeze the jackal.
The jackal is almost dead.
The jackal barks!
The bat hits you.
* * * LOW HITPOINT WARNING * * *
The jackal bites you.
* * * LOW HITPOINT WARNING * * *
A kobold comes into view. It is wielding a +0 short sword.
You are too injured to fight recklessly!
You closely miss the jackal.
The jackal is almost dead.
The bat closely misses you. The jackal barely misses you.
Unknown command.
You hit the jackal.
You kill the jackal!
The bat hits you.
* * * LOW HITPOINT WARNING * * *
Unknown command.
You hit the bat.
The bat is severely wounded.
The bat misses you.
You hit the kobold but do no damage. The bat closely misses you.
The jackal bites you but does no damage.
The kobold hits you but does no damage.
Unknown command.
You hit the jackal.
The jackal is moderately wounded.
The bat hits you but does no damage.
The jackal bites you but does no damage.
The kobold hits you but does no damage. The bat misses you.
The jackal bites you.
* * * LOW HITPOINT WARNING * * *
You hit the jackal.
The jackal is heavily wounded.
The bat barely misses you. The kobold closely misses you. The jackal bites you.
You die...

..^......~.~~♣~~
#.#..♣...~~~~.~....
#.#...~#♣.~#~~≈....
#.#.#.~[~..#.......
#.#.#..#.~~#.......
#.#.#..#.#.#.......
#.#.#..#...#..K....
#...#..#...#h......
##.....###.@K# #(....#
###b.# .. ~.~.... #.....#
#...♣.~.♣~~~~... #.....#
..~~~~..~......
#.....########.~.♣.~.~.~...
####..........≈~...~~.♣~...
#.........#~#~...~♣.≈...
#..........~.....♣~..)†(
##........# #.~..~.....


You could see a jackal, a bat and 2 kobolds.

Vanquished Creatures
  2 ball pythons (D:1)
  An endoplasm (D:1)
  A giant cockroach (D:1)
  2 jackals (D:1)
  2 frilled lizards (D:1)
  3 kobolds (D:1)
  2 rats (D:1)
13 creatures vanquished.

Notes
Turn   | Place    | Note
-------+----------+-------------------------------------------
     0 | D:1      | safid the Merfolk Ice Elementalist began the quest for the
                  | Orb.
     0 | D:1      | Reached XP level 1. HP: 13/13 MP: 3/3
   260 | D:1      | Reached XP level 2. HP: 14/20 MP: 3/5
   410 | D:1      | Reached skill level 1 in Fighting
   463 | D:1      | HP: 1/21 [jackal (2)]
   464 | D:1      | Slain by a jackal

Illustrated notes

Levels and vault maps discovered:
D:1:      saegor_arrival_simple_c, layout_basic, serial_rivers,
          chequers_serial_rivers_large_a, chequers_serial_rivers_marsh,
          chequers_serial_rivers_room_b, chequers_serial_rivers_marsh,
          item_on_display_a

Skill      XL: |  1  2 |
---------------+-------+-----
Fighting       | 1 |  1.0
Dodging        | |  2.6
Stealth        | |  2.1
Spellcasting   | |  2.3
Ice Magic      | |  4.6

Action                   || total
-------------------------++-------
Melee: Unarmed           ||    11
       Dagger            ||    13
 Cast: Freeze            ||    19
Armor: Robe              ||    12
Dodge: Dodged            ||    29
